 Dungeon Crawl Stone Soup version 0.31.0-11-ge490571c62 (webtiles) character file.

Game seed: 3826238699736464271

2598 Aldia the Caller (level 9, -9/43 HPs)
             Began as a Felid Summoner on Jan 28, 2024.
             Was an Initiate of Kikubaaqudgha.
             Killed by an exploding blazeheart core (36 damage)
             ... on level 7 of the Dungeon.
             The game lasted 00:18:39 (7762 turns).

Aldia the Caller (Felid Summoner)                   Turns: 7762, Time: 00:18:40

Health: -9/43      AC:  2    Str:  4    XL:     9   Next: 33%
Magic:  14/19      EV: 21    Int: 22    God:    Kikubaaqudgha [......]
Gold:   350        SH:  0    Dex: 18    Spells: 6/20 levels left
                                        Lives:  0   Deaths: 2

rFire   . . .        (weapon unavailable)
rCold   . . .        (shield unavailable)
rNeg    . . .        (body armour unavailable)
rPois   .            (helmet unavailable)
rElec   .            (cloak unavailable)
rCorr   .            (gloves unavailable)
SInv    +            (boots unavailable)
Will    +....        (no amulet)
Stlth   ++           (no ring)
HPRegen 0.27/turn    (no ring)
MPRegen 0.16/turn

%: no passive effects
@: no status effects
A: very small, claws 1, fangs 3, see invisible, shaggy fur 2, stealthy paws, no
weapons or thrown items, no armour, multi-lived
a: Renounce Religion


You were on level 7 of the Dungeon.
You worshipped Kikubaaqudgha.
Kikubaaqudgha was noncommittal.
You visited 2 branches of the dungeon, and saw 8 of its levels.

You collected 350 gold pieces.

Inventory:

Talismans
 k - a storm talisman
Wands
 u - a wand of flame (25)
Scrolls
 d - a scroll of revelation {unknown}
 h - 2 scrolls of fog
 j - a scroll of enchant armour {unknown}
 l - 2 scrolls of poison
 n - a scroll of blinking
 o - a scroll of amnesia {unknown}
 q - a scroll of fear {unknown}
 v - a scroll of immolation {unknown}
Potions
 a - a potion of magic
 b - a potion of resistance {unknown}
 c - 2 potions of heal wounds {unknown}
 e - a potion of brilliance {unknown}
 f - a potion of might {unknown}
 g - 2 potions of berserk rage
 i - 2 potions of ambrosia {unknown}
 m - a potion of lignification {unknown}
 p - a potion of invisibility {unknown}
 r - 3 potions of enlightenment
 s - a potion of attraction {unknown}
 t - a potion of curing {unknown}


   Skills:
 + Level 2.7 Fighting
 + Level 6.3 Dodging
 - Level 2.6 Stealth
 + Level 6.3 Spellcasting
 + Level 7.8 Summonings
 - Level 5.5 Fire Magic
 + Level 1.8 Air Magic


You had 6 spell levels left.
You knew the following spells:

 Your Spells              Type           Power      Damage    Failure   Level
a - Summon Small Mammal   Summ           100%       N/A       1%          1
b - Call Imp              Summ           82%        N/A       1%          2
c - Call Canine Familiar  Summ           41%        N/A       1%          3
d - Summon Blazeheart Go  Fire/Summ      36%        N/A       5%          4
e - Summon Lightning Spi  Summ/Air       28%        N/A       12%         4

Your spell library contained the following spells:

 Spells                   Type           Power      Damage    Failure   Level
 Apportation              Tloc           12%        N/A       9%          1
 Magic Dart               Conj           24%        1d4       9%          1
 Necrotise                Necr           24%        1d5       9%          1
 Sting                    Conj/Alch      24%        1d4       9%          1
 Searing Ray              Conj           12%        2d4       13%         2
 Sigil of Binding         Hex            6%         N/A       26%         3
 Ignite Poison            Fire/Alch      19%        N/A       28%         4
 Sticky Flame             Fire/Alch      19%        2d6       28%         4
 Fulminant Prism          Conj/Alch      3%         3d5       65%         4
 Olgreb's Toxic Radiance  Alch           6%         N/A       65%         4
 Ozocubu's Refrigeration  Ice            3%         4d8       100%        7
 Discord                  Hex            3%         N/A       100%        8
 Ignition                 Fire           15%        3d6       100%        8
 Dimensional Bullseye     Hex/Tloc       Unusable   N/A       N/A         4

Dungeon Overview and Level Annotations

Branches:
Dungeon (7/15)             Temple (1/1) D:7

Altars:
Ashenzari
Cheibriados
Dithmenos
Elyvilon
Fedhas
Gozag
Hepliaklqana
Kikubaaqudgha
Makhleb
Nemelex Xobeh
Okawaru
Qazlal
Ru
Sif Muna
Uskayaw
Vehumet
Wu Jian
Xom
Yredelemnul
Zin
The Shining One

Shops:
D:3 :

Annotations:
D:2 1 runed translucent door, Crazy Yiuf
D:6 Jeremiah


Innate Abilities, Weirdness & Mutations

You have sharp claws.
You have razor-sharp teeth.
You have supernaturally acute eyesight. (SInv)
You are covered in thick fur. (AC +2)
Your paws help you pounce on unaware monsters.
You are incapable of wielding weapons or throwing items.
You cannot wear armour.
You gain extra lives every three experience levels.


Message History

Casting: Call Canine Familiar (safe; 1% risk of failure)
Confirm with . or Enter, or press ? or * to list all spells.
A fiery spirit appears, bound in slag iron.
The gnoll hits you from afar with a +0 spear.
The black bear closely misses you. x3
You swap places.
The black bear bites you. The black bear completely misses you.
The black bear misses you.
Your blazeheart golem barely misses the black bear.
The gnoll completely misses you. The black bear barely misses you.
The black bear closely misses you. The black bear misses you.
Casting: Summon Blazeheart Golem (quite dangerous; 6% risk of failure)
Confirm with . or Enter, or press ? or * to list all spells.
A tiny devil pulls itself out of the air.
The gnoll completely misses you. The black bear closely misses you.
The black bear misses you. x2
Your blazeheart golem punches the black bear!
The gnoll hits you from afar with a +0 spear.
The black bear bites your blazeheart golem.
The black bear claws your blazeheart golem but does no damage.
The black bear claws your blazeheart golem.
The gnoll misses you.
Your cerulean imp hits the black bear from afar with a +0 spear.
The black bear goes berserk!
Your blazeheart golem punches the black bear!
The black bear dies!
Kikubaaqudgha accepts your kill.
You hear the loud creaking of a very distant portcullis.
The gnoll completely misses you. The gnoll barely misses you.
The gnoll hits you from afar with a +0 spear.
Your blazeheart golem punches the gnoll.
Your blazeheart golem falls apart, revealing its core!
Your blazeheart core explodes!
The fiery explosion engulfs the gnoll!!!
You kill the gnoll!
Kikubaaqudgha accepts your kill. The fiery explosion engulfs you!!!
Ouch! That really hurt!
You die...
Kikubaaqudgha rasps: "You have failed me!
Welcome... death!"

#.#####†# #...).##...##
#<......# #.....##.....
#.#####.# #.....'....))
#.#####)###.....##)..).
#.............##.....)[
#######.#####.##....)##
#.# #...##.....##
###.###.#..'.....##
#☼@5....#.##....)#.
#○##...##.#######..
#####○###888#.# #..
#.......8...8.## #..
#.......8.>.8..# .♣.
#..$....8...8..# ..♣♣
######..#8.8#)..# #.. .
#.....#......... .
#.....#.....#...


You could see a friendly cerulean imp (summoned).

Vanquished Creatures
  An orc warrior (D:7)
  An ice beast (D:7)
  A gnoll sergeant (D:7)
  2 scorpions (D:5)
  A gnoll bouda (D:7)
  2 gnolls (D:7)
  2 adders (D:3)
  An ufetubus (D:7)
  3 orcs
  4 bats
  An endoplasm (D:1)
  A giant cockroach (D:4)
  8 goblins
  7 hobgoblins
  3 kobolds
  A quokka (D:4)
  4 ball pythons
  2 frilled lizards (D:3)
  5 rats
50 creatures vanquished.

Vanquished Creatures (collateral kills)
  3 black bears
  2 ice beasts
  3 ogres
  2 centaurs (D:5)
  3 phantoms
  Blork the orc (D:4)
  2 bullfrogs
  2 kobold brigands (D:7)
  3 scorpions (D:5)
  2 orc priests (D:6)
  3 bombardier beetles
  2 hounds
  A sleepcap (D:6)
  3 iguanas
  9 gnolls
  5 adders
  A shadow imp (D:6)
  3 white imps
  An ufetubus (D:7)
  2 dart slugs
  12 orcs
  An endoplasm (D:2)
  3 giant cockroaches
  4 goblins
  3 hobgoblins
  3 quokkas
  4 ball pythons
  A bat (D:1)
  10 kobolds
94 creatures vanquished.

Vanquished Creatures (others)
  4 blazeheart cores (D:7)
4 creatures vanquished.

Grand Total: 148 creatures vanquished

Notes
Turn   | Place    | Note
-------+----------+-------------------------------------------
     0 | D:1      | Aldia the Felid Summoner began the quest for the Orb.
     0 | D:1      | Reached XP level 1. HP: 9/9 MP: 4/4
   225 | D:1      | Reached XP level 2. HP: 13/13 MP: 4/6
   228 | D:1      | Learned a level 2 spell: Call Imp
  1239 | D:2      | Reached XP level 3. HP: 16/16 MP: 2/8
  1244 | D:2      | Learned a level 3 spell: Call Canine Familiar
  1394 | D:2      | You fall into a shaft and drop 1 floor!
  1601 | D:2      | Found a faded altar of an unknown god.
  1764 | D:2      | Reached XP level 4. HP: 21/21 MP: 9/9
  1764 | D:2      | Gained a life (2 lives remaining)
  1811 | D:2      | Found a runed translucent door.
  1812 | D:2      | Noticed Crazy Yiuf
  2010 | D:3      | Found Hufiur's Book Boutique.
  2470 | D:3      | Reached skill level 5 in Summonings
  2583 | D:3      | Noticed an ogre
  2594 | D:3      | Killed an ogre
  2595 | D:3      | Reached XP level 5. HP: 24/24 MP: 8/11
  3048 | D:3      | Learned a level 4 spell: Summon Blazeheart Golem
  3106 | D:4      | Noticed a phantom
  3126 | D:4      | Killed a phantom
  3127 | D:4      | Reached skill level 1 in Fire Magic
  3127 | D:4      | Gained mutation: You are covered in thick fur. (AC +2)
                  | [Felid growth]
  3127 | D:4      | Reached XP level 6. HP: 28/28 MP: 8/13
  3213 | D:4      | Found an opulent altar of Gozag.
  3268 | D:4      | Reached skill level 6 in Summonings
  3295 | D:4      | Learned a level 4 spell: Summon Lightning Spire
  3409 | D:4      | Found a shimmering blue altar of Sif Muna.
  3602 | D:4      | Noticed Blork the orc
  3615 | D:4      | Killed Blork the orc
  3616 | D:4      | Reached XP level 7. HP: 32/32 MP: 9/15
  3746 | D:4      | Found an ornate altar of the Wu Jian Council.
  4120 | D:4      | Reached skill level 1 in Fighting
  4185 | D:5      | Entered Level 5 of the Dungeon
  4440 | D:5      | Reached skill level 5 in Spellcasting
  4478 | D:5      | Found a radiant altar of Vehumet.
  4599 | D:5      | HP: 1/33 [ogre/+0 giant club (14)]
  4600 | D:5      | Reached XP level 8. HP: 1/37 MP: 14/16
  4985 | D:5      | Found a hazy altar of Hepliaklqana.
  4998 | D:5      | Found a shadowy altar of Dithmenos.
  5424 | D:5      | Reached skill level 7 in Summonings
  5836 | D:6      | Reached skill level 5 in Fire Magic
  6008 | D:6      | Reached skill level 5 in Dodging
  6284 | D:6      | Noticed Jeremiah
  6443 | D:6      | Found a sparkling altar of Nemelex Xobeh.
  7026 | D:7      | Reached XP level 9. HP: 42/42 MP: 13/19
  7201 | D:7      | Reached skill level 1 in Air Magic
  7209 | D:7      | Demolished by an orc warrior
  7209 | D:7      | Lost a life (1 life remaining)
  7249 | D:7      | Found a broken altar of Ashenzari.
  7428 | D:7      | Found a staircase to the Ecumenical Temple.
  7446 | Temple   | Entered the Ecumenical Temple
  7470 | Temple   | Became a worshipper of Kikubaaqudgha
  7489 | D:7      | Slain by a black bear
  7489 | D:7      | Lost a life (0 lives remaining)
  7762 | D:7      | Killed by an exploding blazeheart core

Illustrated notes

Levels and vault maps discovered:
D:1:      tarquinn_simple_flora_water_f, layout_loops_corners, fountainhead
D:2:      minmay_chambers_of_twos, layout_basic, ebering_ecumenical_altar_webs,
          uniq_crazy_yiuf_cottage
D:3:      layout_loops_corners, serial_shops, nicolae_book_shop_shelving
D:4:      layout_basic, overflow_temple_1_default, nicolae_wu_jian_wuxing_cycle,
          mainiacjoe_overflow_chevrons, uniq_blork_the_orc
D:5:      layout_loops_cross, mainiacjoe_overflow_24_doors,
          grunt_dithmenos_smoke_and_mirrors, nicolae_hepliaklqana_hazy_memory
D:6:      layout_basic, mainiacjoe_overflow_concentric_impassable, uniq_jeremiah
D:7:      layout_basic, evilmike_ruin_ashenzari, minmay_temple_entry_statues,
          enter_bailey_5, kennysheep_decorative_pillar,
          kennysheep_generic_room_3
Temple:   hellmonk_temple_forest_ring

Skill      XL: |  1  2  3  4  5  6  7  8  9 |
---------------+----------------------------+-----
Spellcasting   | 3 4 5 6 |  6.3
Summonings     | 5 6 7 |  7.8
Fire Magic     | 1 2 4 5 |  5.5
Fighting       | 1 2 |  2.7
Dodging        | 3 5 6 |  6.3
Air Magic      | 1 |  1.8
Stealth        | |  2.6

Action                     |  1- 3 |  4- 6 |  7- 9 || total
---------------------------+-------+-------+-------++-------
  Melee: Unarmed           |    42 |    61 |   109 ||   212
         Bite              |     6 |     8 |    16 ||    30
         Punch             |     1 |       |     1 ||     2
   Cast: Summon Small Mamm |    20 |     7 |       ||    27
         Call Imp          |    11 |     9 |    30 ||    50
         Call Canine Famil |     2 |     7 |    28 ||    37
         Summon Blazeheart |       |       |     9 ||     9
    Use: Scroll            |       |       |     7 ||     7
   Stab: Sleeping          |     5 |     1 |     2 ||     8
         Distracted        |       |     1 |     1 ||     2
 Armour: Skin              |    15 |    21 |    74 ||   110
  Dodge: Dodged            |    39 |    49 |   212 ||   300
